[Event "DSOL 2022"]
[Site "Germany"]
[Date "2022.03.18"]
[Round "5.3"]
[White "Fieberg, Samuel"]
[Black "Schaefer, Konstantin"]
[Result "1-0"]
[ECO "A45"]
[WhiteElo "1536"]
[BlackElo "1774"]
[Annotator "NA"]
[PlyCount "63"]
[EventDate "2022.01.31"]
[EventType "team-tourn"]
[EventCountry "GER"]
[SourceTitle "playchess.com"]
[Source "ChessBase"]
[SourceQuality "1"]
[WhiteTeam "SG Porz I"]
[BlackTeam "SG Leipzig"]
[TimeControl "2700+15"]

1. d4 Nf6 2. Bg5 Ne4 3. Bf4 c5 4. d5 e6 5. c4 Qf6 6. Qc1 Bd6 7. Nh3 exd5 8. f3 Bxf4 9. Nxf4 Qh4+ 10. g3 Nxg3 11. Ng2 Qh5 12. hxg3 Qxh1 13. Qe3+ Kd8 14. Qg5+ Kc7 15. Qxg7 Rd8 16. Nc3 Nc6 17. Qf6 d6 18. cxd5 Nd4 19. e3 Nf5 20. Nb5+ Kd7 21. Qxf7+ Ne7 22. Qe6+ Ke8 23. Nc7+ Kf8 24. Qf6+ Kg8 25. Qxe7 Bh3 26. Nxa8 Rxa8 27. Qh4 Bxg2 28. Qxh1 Bxh1 29. Kf2 Rf8 30. Be2 Rf5 31. Rxh1 Rxd5 32. Bc4 1-0

[Event "DSOL 2022"]
[Site "Germany"]
[Date "2022.03.18"]
[Round "5.3"]
[White "Lambert, Andreas"]
[Black "Schoene, Maria"]
[Result "1-0"]
[ECO "B52"]
[WhiteElo "1515"]
[BlackElo "1620"]
[Annotator "NA"]
[PlyCount "141"]
[EventDate "2022.01.31"]
[EventType "team-tourn"]
[EventCountry "GER"]
[SourceTitle "playchess.com"]
[Source "ChessBase"]
[SourceQuality "1"]
[WhiteTeam "Ludwigshafen"]
[BlackTeam "Magdeburg"]
[TimeControl "2700+15"]

1. Nf3 d6 2. e4 c5 3. Bb5+ Bd7 4. Bxd7+ Qxd7 5. c4 Nc6 6. Nc3 g6 7. d4 cxd4 8. Nxd4 Bg7 9. Nde2 Nf6 10. f3 O-O 11. O-O Qd8 12. Be3 Nd7 13. Qd2 a6 14. Rac1 Re8 15. b3 Rb8 16. a4 Nc5 17. Rb1 Nb4 18. Rfd1 Qc7 19. Nf4 b6 20. Nce2 Nc6 21. Nd5 Qd8 22. Qc2 a5 23. Nec3 Na6 24. Nb5 Nab4 25. Qd2 Na6 26. Qf2 Nc5 27. Kh1 Ne5 28. Qh4 Ned3 29. Rd2 Rb7 30. Nf4 Nxf4 31. Bxf4 Ne6 32. Be3 Qc8 33. Qf2 Qc6 34. Qe2 Be5 35. Rdd1 Rd8 36. Qd2 Bg7 37. Nc3 Nc5 38. Nd5 Rbd7 39. Bg5 Qb7 40. Qc2 Rc8 41. Bh4 Ne6 42. Qf2 Rc6 43. Bg3 Nc7 44. Qe2 Ne6 45. Rd2 Nd4 46. Qd1 Ne6 47. e5 Bh6 48. exd6 Bxd2 49. dxe7 Rxe7 50. Nxe7+ Qxe7 51. Qxd2 Qf6 52. Re1 Rc8 53. Be5 Qd8 54. Qe3 Rc6 55. Bb2 Qd6 56. h3 Rc8 57. Bc3 Rd8 58. Qh6 Qg3 59. Qe3 h5 60. Be5 Qh4 61. Kh2 Rd3 62. Qxd3 Qxe1 63. Bf6 h4 64. Qd6 Kh7 65. Qe5 Qd2 66. Qb8 Qf4+ 67. Qxf4 Nxf4 68. Bxh4 Nd3 69. Bd8 Nc5 70. Bxb6 Nxb3 71. c5 1-0

[Event "DSOL 2022"]
[Site "Germany"]
[Date "2022.03.18"]
[Round "5.3"]
[White "Klein, Christoph"]
[Black "Zimm, Justus"]
[Result "1/2-1/2"]
[ECO "B25"]
[WhiteElo "1425"]
[BlackElo "1766"]
[Annotator "NA"]
[PlyCount "113"]
[EventDate "2022.01.31"]
[EventType "team-tourn"]
[EventCountry "GER"]
[SourceTitle "playchess.com"]
[Source "ChessBase"]
[SourceQuality "1"]
[WhiteTeam "SF Heidesheim I"]
[BlackTeam "SK Heidenau I"]
[TimeControl "2700+15"]

1. e4 c5 2. Nf3 d6 3. d3 Nf6 4. g3 Nc6 5. Bg2 g6 6. O-O Bg7 7. Nc3 O-O 8. h3 Rb8 9. a4 a6 10. Be3 e5 11. Nh4 b5 12. axb5 axb5 13. f4 Nh5 14. Qe1 b4 15. Nd5 exf4 16. gxf4 Bxb2 17. Rb1 Bd4 18. f5 Bxe3+ 19. Nxe3 Nd4 20. c3 Ne2+ 21. Qxe2 Qxh4 22. Nd5 Bb7 23. Qg4 Qxg4 24. Ne7+ Kg7 25. hxg4 Kf6 26. gxh5 Kxe7 27. cxb4 cxb4 28. Rxb4 Ba6 29. f6+ Ke6 30. Rd4 Rb5 31. Bh3+ Ke5 32. Ra4 Bb7 33. Bg2 Ke6 34. Bh3+ Ke5 35. Bg2 Ke6 36. d4 Rg5 37. Ra7 Rxg2+ 38. Kxg2 Bxe4+ 39. Kg3 Bf5 40. Ra5 Kxf6 41. hxg6 hxg6 42. Re1 Rh8 43. Ra6 Rd8 44. Ra7 Be6 45. Kf4 g5+ 46. Ke4 d5+ 47. Kf3 Rc8 48. Ra3 Rc4 49. Ke3 Kf5 50. Rf1+ Kg6 51. Rb3 Rc8 52. Rh1 Re8 53. Kf3 Rc8 54. Ke3 Re8 55. Kf3 Bf5 56. Rb6+ Be6 57. Rb3 1/2-1/2

[Event "DSOL 2022"]
[Site "Germany"]
[Date "2022.03.18"]
[Round "5.3"]
[White "Will, Patrick"]
[Black "Erler, Rainer"]
[Result "0-1"]
[ECO "D33"]
[WhiteElo "1352"]
[BlackElo "2030"]
[Annotator "ChessBase"]
[PlyCount "68"]
[EventDate "2022.01.31"]
[EventType "team-tourn"]
[EventCountry "GER"]
[SourceTitle "playchess.com"]
[Source "ChessBase"]
[SourceQuality "1"]
[WhiteTeam "SK Bickenbach I"]
[BlackTeam "SK Dessau I"]
[TimeControl "2700+15"]

1. d4 d5 2. c4 e6 3. Nf3 c5 4. cxd5 exd5 5. g3 Nc6 6. Bg2 Nf6 7. O-O h6 8. Nc3 Be6 9. e3 Bd6 10. dxc5 Bxc5 11. Na4 Be7 12. b3 O-O 13. Bb2 Rc8 14. Nd4 Bg4 15. Qb1 Qd7 16. a3 Nxd4 17. Bxd4 Bf5 18. Qd1 Bc2 19. Qd2 Ne4 20. Bxe4 dxe4 21. Nc3 Bxb3 22. Nxe4 Bc4 23. Rfc1 Qg4 24. Nc3 Rfd8 25. Qd1 Qf5 26. g4 Qe6 27. Qf3 b5 28. Qf5 a6 29. Qxe6 Bxe6 30. f3 Rc4 31. Rd1 Rdxd4 32. Rxd4 Rxc3 33. Kf2 Rc2+ 34. Kg3 Bf6 0-1

[Event "DSOL 2022"]
[Site "Germany"]
[Date "2022.03.18"]
[Round "5.4"]
[White "Schwenck, Mathias"]
[Black "Dzelilovic, Biran"]
[Result "1/2-1/2"]
[ECO "D27"]
[WhiteElo "1828"]
[BlackElo "1620"]
[Annotator "NA"]
[PlyCount "40"]
[EventDate "2022.01.31"]
[EventType "team-tourn"]
[EventCountry "GER"]
[SourceTitle "playchess.com"]
[Source "ChessBase"]
[SourceQuality "1"]
[WhiteTeam "Moosburg"]
[BlackTeam "Spraitbach"]
[TimeControl "2700+15"]

1. d4 d5 2. c4 dxc4 3. Nf3 Nf6 4. e3 e6 5. Bxc4 c5 6. O-O Nc6 7. dxc5 Qxd1 8. Rxd1 Bxc5 9. Nc3 a6 10. Bd2 O-O 11. Be1 b5 12. Be2 Bb7 13. Nd2 Be7 14. Bf3 Rfd8 15. Nde4 Nxe4 16. Nxe4 Rxd1 17. Rxd1 Rd8 18. Rxd8+ Nxd8 19. Nd2 Bxf3 20. Nxf3 Bf6 1/2-1/2

[Event "DSOL 2022"]
[Site "Germany"]
[Date "2022.03.18"]
[Round "5.4"]
[White "Leibovitch, Iziaslav"]
[Black "Riemann, Jonas"]
[Result "1/2-1/2"]
[ECO "A05"]
[WhiteElo "1679"]
[BlackElo "1443"]
[Annotator "NA"]
[PlyCount "156"]
[EventDate "2022.01.31"]
[EventType "team-tourn"]
[EventCountry "GER"]
[SourceTitle "playchess.com"]
[Source "ChessBase"]
[SourceQuality "1"]
[WhiteTeam "SK Dessau I"]
[BlackTeam "SK Bickenbach I"]
[TimeControl "2700+15"]

1. Nf3 Nf6 2. g3 g6 3. Bg2 Bg7 4. O-O O-O 5. d3 d6 6. e4 c5 7. Re1 Nc6 8. c3 e5 9. Nbd2 Rb8 10. a4 a6 11. Nc4 b5 12. axb5 axb5 13. Ne3 Qb6 14. h3 Be6 15. Ng5 Ra8 16. Rxa8 Rxa8 17. Nxe6 fxe6 18. Qb3 Kf7 19. Nc4 Qb8 20. Qxb5 Qxb5 21. Nxd6+ Ke7 22. Nxb5 Rb8 23. Na3 Nd7 24. Bg5+ Bf6 25. Bxf6+ Kxf6 26. Nc4 Nb6 27. Nxb6 Rxb6 28. Rb1 Ke7 29. Kf1 Ra6 30. Bf3 Kd6 31. Bd1 Ra2 32. Bb3 Ra7 33. Ke2 Rb7 34. Bc2 Na5 35. b3 Nc6 36. Ra1 Na7 37. Ra6+ Kd7 38. Kd2 Nb5 39. Bd1 Nc7 40. Ra5 Kd6 41. f4 exf4 42. gxf4 Kc6 43. e5 Rb8 44. Bf3+ Kb6 45. Ra4 Rf8 46. b4 c4 47. dxc4 Rxf4 48. c5+ Kb5 49. Bc6+ Kxc6 50. b5+ Nxb5 51. Rxf4 Kxc5 52. Rf7 Kd5 53. Rxh7 Kxe5 54. Kd3 Nd6 55. c4 Ne4 56. h4 Ng3 57. Rg7 Nf5 58. Rh7 Ng3 59. Rh6 Nf5 60. Rh8 Ng3 61. Rg8 Nf5 62. Rxg6 Nxh4 63. Rg8 Nf5 64. Rg5 Kf6 65. Rg1 Ke5 66. Re1+ Kd6 67. Ra1 Ne7 68. Ra6+ Nc6 69. Ra8 Kc5 70. Kc3 e5 71. Re8 Kd6 72. Rh8 Kc5 73. Rh5 Kd6 74. Rh6+ Kc5 75. Re6 Kb6 76. Kd3 Kc5 77. Ke4 Nb4 78. Rxe5+ Kxc4 1/2-1/2

[Event "DSOL 2022"]
[Site "Germany"]
[Date "2022.03.18"]
[Round "5.4"]
[White "Meyjohann, Patrick"]
[Black "Valkova, Anzhelika"]
[Result "1/2-1/2"]
[ECO "B15"]
[WhiteElo "1661"]
[BlackElo "1632"]
[Annotator "NA"]
[PlyCount "144"]
[EventDate "2022.01.31"]
[EventType "team-tourn"]
[EventCountry "GER"]
[SourceTitle "playchess.com"]
[Source "ChessBase"]
[SourceQuality "1"]
[WhiteTeam "SV Hellern I"]
[BlackTeam "SF Deizisau II"]
[TimeControl "2700+15"]

1. e4 c6 2. d4 d5 3. Nc3 dxe4 4. Nxe4 Nf6 5. Nxf6+ exf6 6. Be3 Bd6 7. Nf3 O-O 8. Bd3 Re8 9. O-O Nd7 10. Re1 Nf8 11. h3 Be6 12. c4 Rb8 13. a4 a5 14. Rc1 Ng6 15. Bb1 Nf4 16. Qd2 g5 17. h4 Bb4 18. Qc2 Bxe1 19. Qxh7+ Kf8 20. Rxe1 Ke7 21. hxg5 Rh8 22. gxf6+ Kxf6 23. Qe4 Nh3+ 24. gxh3 Rg8+ 25. Bg5+ Rxg5+ 26. Nxg5 Kxg5 27. Qe5+ Kh6 28. Qf4+ Qg5+ 29. Qxg5+ Kxg5 30. b3 Rh8 31. Be4 Rxh3 32. Re3 Kf4 33. Rxh3 Bxh3 34. Bd3 f6 35. Bc2 Kf3 36. Bd3 Kf4 37. Bc2 Kf3 38. Bd3 b6 39. c5 bxc5 40. dxc5 Be6 41. Bf1 Kf4 42. Bg2 Bd7 43. Kf1 Ke5 44. Ke2 Kd4 45. Kd2 Kxc5 46. Kc3 Be6 47. Bf3 Bd5 48. Be2 Be4 49. Bc4 Bf3 50. Bf7 Be2 51. Bg6 Bf3 52. Bf7 Bd1 53. Bg6 Kd5 54. Bf7+ Ke4 55. b4 Bxa4 56. bxa5 c5 57. Kc4 Bc6 58. f3+ Ke5 59. Kxc5 Bxf3 60. Be8 f5 61. Bc6 Bxc6 62. Kxc6 f4 63. a6 f3 64. a7 f2 65. a8=Q f1=Q 66. Qe8+ Kd4 67. Qd7+ Kc3 68. Qg7+ Kd2 69. Qd4+ Kc2 70. Qa4+ Kd2 71. Qd4+ Qd3 72. Qxd3+ Kxd3 1/2-1/2

[Event "DSOL 2022"]
[Site "Germany"]
[Date "2022.03.18"]
[Round "5.4"]
[White "Fahland, Matthias"]
[Black "Plaumann, Arvin"]
[Result "0-1"]
[ECO "D11"]
[WhiteElo "1654"]
[BlackElo "1582"]
[Annotator "NA"]
[PlyCount "110"]
[EventDate "2022.01.31"]
[EventType "team-tourn"]
[EventCountry "GER"]
[SourceTitle "playchess.com"]
[Source "ChessBase"]
[SourceQuality "1"]
[WhiteTeam "SK Heidenau I"]
[BlackTeam "SF Heidesheim I"]
[TimeControl "2700+15"]

1. d4 d5 2. Nf3 Nf6 3. g3 c6 4. Bg2 Bf5 5. c4 e6 6. Nc3 Nbd7 7. Qb3 Qb6 8. c5 Qxb3 9. axb3 Be7 10. b4 a6 11. b5 cxb5 12. Nxb5 O-O 13. Nc3 Rfc8 14. O-O b6 15. b4 a5 16. bxa5 bxc5 17. dxc5 Rxc5 18. Bd2 Rcxa5 19. Rxa5 Rxa5 20. Nd4 Bf8 21. Nxf5 exf5 22. Rb1 Ra6 23. e3 Ne4 24. Be1 Ndf6 25. Rd1 g6 26. Kf1 Rd6 27. f3 Nxc3 28. Bxc3 Bg7 29. Ke2 Ne8 30. Bxg7 Kxg7 31. f4 Nf6 32. h3 Kf8 33. Bf3 Ke7 34. Ra1 Ne4 35. Bxe4 dxe4 36. Ra7+ Ke6 37. Rb7 Ra6 38. Rb2 Kd5 39. Rc2 f6 40. h4 Ra4 41. Kf2 Rc4 42. Rd2+ Kc5 43. Rb2 h6 44. Ke2 Rc1 45. Kf2 Kc4 46. Rb6 Rc2+ 47. Kf1 Kd3 48. Rxf6 Kxe3 49. Rxg6 Kf3 50. Ke1 e3 51. Kd1 Rh2 52. Re6 e2+ 53. Kd2 Kxg3 54. Rxh6 Kf2 55. Re6 Kf1 0-1

[Event "DSOL 2022"]
[Site "Germany"]
[Date "2022.03.18"]
[Round "5.4"]
[White "Meyer, Emil"]
[Black "Struck, Lasse"]
[Result "0-1"]
[ECO "B75"]
[WhiteElo "1620"]
[BlackElo "1832"]
[Annotator "NA"]
[PlyCount "48"]
[EventDate "2022.01.31"]
[EventType "team-tourn"]
[EventCountry "GER"]
[SourceTitle "playchess.com"]
[Source "ChessBase"]
[SourceQuality "1"]
[WhiteTeam "Münster"]
[BlackTeam "Essen"]
[TimeControl "2700+15"]

1. e4 c5 2. Nf3 d6 3. d4 cxd4 4. Nxd4 Nf6 5. Nc3 g6 6. Be3 Bg7 7. f3 a6 8. Qd2 Nbd7 9. g4 Ne5 10. O-O-O b5 11. h4 Bb7 12. h5 b4 13. Nce2 Nc4 14. Qxb4 Nxe3 15. Rd3 Rb8 16. Rxe3 Bh6 17. f4 Nxg4 18. hxg6 Nxe3 19. gxf7+ Kxf7 20. Rxh6 Bxe4 21. Qe1 Nxf1 22. Nc3 Qb6 23. Qxe4 Qxb2+ 24. Kd1 Qa1+ 0-1

[Event "DSOL 2022"]
[Site "Germany"]
[Date "2022.03.18"]
[Round "5.4"]
[White "Wagner, Benjamin"]
[Black "Misini, Burhanudin"]
[Result "1/2-1/2"]
[ECO "B30"]
[WhiteElo "1620"]
[BlackElo "1896"]
[Annotator "NA"]
[PlyCount "113"]
[EventDate "2022.01.31"]
[EventType "team-tourn"]
[EventCountry "GER"]
[SourceTitle "playchess.com"]
[Source "ChessBase"]
[SourceQuality "1"]
[WhiteTeam "Magdeburg"]
[BlackTeam "Ludwigshafen"]
[TimeControl "2700+15"]

1. e4 c5 2. Nf3 Nc6 3. b4 cxb4 4. d4 e6 5. d5 Qf6 6. c3 Ne5 7. Be2 Nxf3+ 8. Bxf3 bxc3 9. O-O Bc5 10. Qc2 Bd4 11. a4 Ne7 12. Ra3 O-O 13. Nxc3 Be5 14. a5 d6 15. Rb3 b6 16. axb6 axb6 17. Be3 exd5 18. exd5 Bf5 19. Qd2 h6 20. Ne4 {[#]} Bxh2+ $1 21. Kxh2 Bxe4 22. Bxe4 Qh4+ 23. Kg1 Qxe4 24. Rxb6 Nxd5 25. Rb3 Nxe3 26. Rxe3 Qf4 27. Rd1 Rad8 28. Rd3 Qxd2 29. R3xd2 Rfe8 30. Rxd6 Re1+ 31. Rxe1 Rxd6 32. g3 g6 33. Kg2 Kg7 34. Re4 h5 35. Ra4 g5 36. Ra8 Rd4 37. Ra6 f6 38. Ra8 Rd2 39. Rb8 Rc2 40. Ra8 Kh6 41. Rh8+ Kg6 42. Kf3 Rc1 43. Kg2 Rb1 44. Kf3 Rb2 45. Kg2 Rb4 46. Kf3 h4 47. gxh4 gxh4 48. Kg2 $11 Kg5 49. Rg8+ Kf5 50. Rh8 Rg4+ 51. Kf3 Ra4 52. Rh5+ Kg6 53. Rh8 Kg5 54. Rg8+ Kf5 55. Rh8 Ra3+ 56. Kg2 Ra4 57. Kf3 1/2-1/2

[Event "DSOL 2022"]
[Site "Germany"]
[Date "2022.03.18"]
[Round "5.4"]
[White "Zinke, Mirko"]
[Black "Gallinnis, Norbert"]
[Result "0-1"]
[ECO "A04"]
[WhiteElo "1620"]
[BlackElo "1662"]
[Annotator "NA"]
[PlyCount "74"]
[EventDate "2022.01.31"]
[EventType "team-tourn"]
[EventCountry "GER"]
[SourceTitle "playchess.com"]
[Source "ChessBase"]
[SourceQuality "1"]
[WhiteTeam "SG Leipzig"]
[BlackTeam "SG Porz I"]
[TimeControl "2700+15"]

1. Nf3 Nf6 2. g3 c5 3. Bg2 d6 4. d3 e6 5. e4 Qc7 6. Nc3 a6 7. a4 Nbd7 8. h3 b6 9. g4 h6 10. Bf4 Bb7 11. Qd2 Be7 12. Rb1 Bc6 13. O-O Ne5 14. Bg3 g5 15. b4 Bb7 16. Rfe1 cxb4 17. Rxb4 Nfd7 18. Rb3 Rc8 19. Nxe5 Nxe5 20. Reb1 Nd7 21. R1b2 h5 22. f3 hxg4 23. fxg4 Ba8 24. Bf2 Rb8 25. Ne2 Nc5 26. Bxc5 dxc5 27. c4 Bf6 28. Rb1 Ke7 29. a5 bxa5 30. Rxb8 Rxb8 31. Rxb8 Qxb8 32. Qxa5 Qa7 33. e5 Bxe5 34. Bxa8 Qxa8 35. Qxc5+ Kf6 36. d4 Bb8 37. Qc8 Bh2+ 0-1

[Event "DSOL 2022"]
[Site "Germany"]
[Date "2022.03.18"]
[Round "5.4"]
[White "Onat, Elias Levent"]
[Black "Spiel, Marianne"]
[Result "1-0"]
[ECO "D35"]
[WhiteElo "1536"]
[BlackElo "1548"]
[Annotator "NA RC"]
[PlyCount "83"]
[EventDate "2022.01.31"]
[EventType "team-tourn"]
[EventCountry "GER"]
[SourceTitle "playchess.com"]
[Source "ChessBase"]
[SourceQuality "1"]
[WhiteTeam "Segeberger SF"]
[BlackTeam "Bayern München II Amazonen"]
[TimeControl "2700+15"]

1. d4 Nf6 2. c4 e6 3. Nc3 d5 4. Bf4 c6 5. e3 Bb4 6. Bd3 O-O 7. Nge2 Nbd7 8. O-O Nh5 9. Qc2 h6 10. c5 Nxf4 11. Nxf4 Nf6 12. Nfe2 Ba5 13. f4 Bc7 14. Kh1 Ng4 15. Qd2 Qh4 16. h3 Nf2+ 17. Kg1 Nxd3 18. Qxd3 Bd7 19. b4 g5 20. Rf3 Kg7 21. b5 f6 22. a4 Be8 23. fxg5 hxg5 24. e4 Bg6 25. Re3 Rae8 26. bxc6 bxc6 27. Qa6 Bb8 28. Qxc6 dxe4 29. Nxe4 Bf4 30. Nxf4 Qxf4 31. Rae1 Re7 32. Qd6 Qxd6 33. Nxd6 Bf7 34. Nf5+ exf5 35. Rxe7 Rd8 36. Rxa7 Kg6 37. Ree7 Bg8 38. Red7 Rb8 39. c6 f4 40. c7 Rb1+ 41. Kh2 Be6 42. c8=Q 1-0

[Event "DSOL 2022"]
[Site "Germany"]
[Date "2022.03.18"]
[Round "5.4"]
[White "Gronemeyer, Martin"]
[Black "Schlag, Daniel"]
[Result "0-1"]
[ECO "A80"]
[WhiteElo "1507"]
[BlackElo "1715"]
[Annotator "NA"]
[PlyCount "50"]
[EventDate "2022.01.31"]
[EventType "team-tourn"]
[EventCountry "GER"]
[SourceTitle "playchess.com"]
[Source "ChessBase"]
[SourceQuality "1"]
[WhiteTeam "Höxter"]
[BlackTeam "Wittstock"]
[TimeControl "2700+15"]

1. d4 f5 2. f4 Nf6 3. Nc3 e6 4. Nf3 Be7 5. b3 b6 6. h3 Ne4 7. Nxe4 fxe4 8. Ng1 Bh4+ 9. Kd2 c5 10. Bb2 e3+ 11. Kxe3 Qf6 12. Nf3 O-O 13. Nxh4 Qxf4+ 14. Kd3 c4+ 15. bxc4 Qxh4 16. a4 Ba6 17. Ba3 Nc6 18. c3 Rf2 19. e3 Na5 20. Qg4 Bxc4+ 21. Ke4 d5+ 22. Ke5 Qf6+ 23. Kd6 Rd8+ 24. Kc7 Ra8 25. Qh5 Qd8# 0-1

[Event "DSOL 2022"]
[Site "Germany"]
[Date "2022.04.01"]
[Round "6.1"]
[White "Wintzer, Joachim"]
[Black "Bargsten, Justus"]
[Result "1-0"]
[ECO "A36"]
[WhiteElo "1805"]
[BlackElo "1548"]
[Annotator "COMBH"]
[PlyCount "65"]
[EventDate "2022.01.31"]
[EventType "team-tourn"]
[EventCountry "GER"]
[SourceTitle "playchess.com"]
[Source "ChessBase"]
[SourceQuality "1"]
[WhiteTeam "SF Berlin I"]
[BlackTeam "Post SV Uelzen"]
[TimeControl "2700+15"]

1. c4 Nf6 2. Nc3 g6 3. g3 Bg7 4. Bg2 O-O 5. e4 d6 6. Nge2 c5 7. O-O Nc6 8. d3 Ne8 9. Be3 Nc7 10. d4 cxd4 11. Nxd4 Ne6 12. Nde2 a5 13. Qd2 a4 14. Rab1 Ne5 15. b3 axb3 16. axb3 Ng4 17. Nd5 Nxe3 18. Qxe3 Bd7 19. b4 Bc6 20. Rfd1 Nc7 21. Nb6 Ra2 22. Nf4 Na8 23. Nbd5 b5 24. Bf1 e6 25. Qb3 exd5 26. cxd5 Rxf2 27. Kxf2 Bd7 28. Kg2 Nb6 29. Rbc1 f5 30. Ne6 Bxe6 31. dxe6 Qe7 32. Rc6 fxe4 33. Rxb6 1-0

[Event "DSOL 2022"]
[Site "Germany"]
[Date "2022.04.01"]
[Round "6.1"]
[White "Gypser, Andreas"]
[Black "Gustain, Marc"]
[Result "1/2-1/2"]
[ECO "B01"]
[WhiteElo "1737"]
[BlackElo "1501"]
[Annotator "ChessBase"]
[PlyCount "73"]
[EventDate "2022.01.31"]
[EventType "team-tourn"]
[EventCountry "GER"]
[SourceTitle "playchess.com"]
[Source "ChessBase"]
[SourceQuality "1"]
[WhiteTeam "SK Ludwigshafen"]
[BlackTeam "SF Deizisau II"]
[TimeControl "2700+15"]

1. e4 d5 2. exd5 Qxd5 3. Nc3 Qd8 4. d4 Nf6 5. Bc4 a6 6. Nf3 b5 7. Bb3 c5 8. dxc5 Qxd1+ 9. Nxd1 Bb7 10. a4 b4 11. Ne3 e6 12. Nc4 Bxc5 13. Bf4 O-O 14. Rd1 Bxf3 15. gxf3 Nc6 16. Bd6 Bxd6 17. Rxd6 Ne7 18. O-O Nf5 19. Rd3 Rfd8 20. Rfd1 Rxd3 21. Rxd3 g6 22. Ne5 Kg7 23. Bc4 a5 24. Bb5 Nd5 25. Bc6 Rc8 26. Bxd5 exd5 27. Rxd5 Rxc2 28. Rxa5 Rxb2 29. Ra7 Nh6 30. Rb7 b3 31. Nc4 Rb1+ 32. Kg2 Nf5 33. a5 Nd4 34. Nd2 Rb2 35. Nxb3 Nxb3 36. a6 Ra2 37. Rxb3 1/2-1/2

[Event "DSOL 2022"]
[Site "Germany"]
[Date "2022.04.01"]
[Round "6.1"]
[White "Ramien, David"]
[Black "Meyer, Armin"]
[Result "0-1"]
[ECO "A08"]
[WhiteElo "1620"]
[BlackElo "2039"]
[Annotator "NA"]
[PlyCount "58"]
[EventDate "2022.01.31"]
[EventType "team-tourn"]
[EventCountry "GER"]
[SourceTitle "playchess.com"]
[Source "ChessBase"]
[SourceQuality "1"]
[WhiteTeam "SG Porz I"]
[BlackTeam "SF Essen-Katernberg"]
[TimeControl "2700+15"]

1. e4 e6 2. d3 d5 3. Nd2 c5 4. Ngf3 Nc6 5. g3 g6 6. Bg2 Bg7 7. O-O Nge7 8. Re1 O-O 9. e5 Qc7 10. Qe2 g5 11. Nxg5 Qxe5 12. Qxe5 Nxe5 13. Ndf3 N5c6 14. c3 e5 15. a3 h6 16. Nh3 a5 17. Bd2 b6 18. c4 Be6 19. cxd5 Nxd5 20. Nh4 Rad8 21. f4 Bxh3 22. Bxh3 exf4 23. Nf5 Nd4 24. gxf4 Nf3+ 25. Kf2 Nxd2 26. Rg1 Nxf4 27. Rxg7+ Kh8 28. Bf1 Nb3 29. Rd1 Rd5 0-1

[Event "DSOL 2022"]
[Site "Germany"]
[Date "2022.04.01"]
[Round "6.1"]
[White "Noack, Mario"]
[Black "Hoyer, Olaf"]
[Result "0-1"]
[ECO "E11"]
[WhiteElo "1595"]
[BlackElo "1896"]
[Annotator "COMBH"]
[PlyCount "64"]
[EventDate "2022.01.31"]
[EventType "team-tourn"]
[EventCountry "GER"]
[SourceTitle "playchess.com"]
[Source "ChessBase"]
[SourceQuality "1"]
[WhiteTeam "SC Großröhrsdorf"]
[BlackTeam "SC Braunschweig"]
[TimeControl "2700+15"]

1. c4 Nf6 2. g3 e6 3. Bg2 d5 4. d4 Bb4+ 5. Bd2 Bxd2+ 6. Nxd2 Nbd7 7. Ngf3 b6 8. O-O Bb7 9. Rc1 O-O 10. Re1 c5 11. cxd5 exd5 12. Qc2 Rc8 13. Qf5 Qe7 14. Nh4 Ne4 15. Nxe4 dxe4 16. dxc5 Rxc5 17. Rxc5 Nxc5 18. Qf4 g6 19. Qe3 f5 20. Bh1 f4 21. Qc1 Ne6 22. Ng2 e3 23. fxe3 fxg3 24. h3 Ng5 25. Qc4+ Rf7 26. Qg4 Qe5 27. h4 Ne4 28. Nf4 Qc5 29. Ng2 Kg7 30. Rf1 Rxf1+ 31. Kxf1 Qc1+ 32. Ne1 Nd2+ 0-1

[Event "DSOL 2022"]
[Site "Germany"]
[Date "2022.04.01"]
[Round "6.1"]
[White "Koch, Moritz"]
[Black "Keller, Peter"]
[Result "1/2-1/2"]
[ECO "C67"]
[WhiteElo "1558"]
[BlackElo "1712"]
[Annotator "COMBH"]
[PlyCount "52"]
[EventDate "2022.01.31"]
[EventType "team-tourn"]
[EventCountry "GER"]
[SourceTitle "playchess.com"]
[Source "ChessBase"]
[SourceQuality "1"]
[WhiteTeam "SK Herzogenaurach I"]
[BlackTeam "SK Bickenbach I"]
[TimeControl "2700+15"]

1. e4 e5 2. Nf3 Nc6 3. Bb5 Nf6 4. O-O Nxe4 5. d4 Nd6 6. Bxc6 dxc6 7. dxe5 Nf5 8. Qxd8+ Kxd8 9. Rd1+ Ke8 10. Nc3 Ne7 11. h3 Ng6 12. b3 Bd7 13. Bb2 Rd8 14. Rd2 Be7 15. Rad1 Nf4 16. Ne2 Nxe2+ 17. Rxe2 c5 18. Nh2 h5 19. Nf1 h4 20. Ne3 Be6 21. Rxd8+ Bxd8 22. f4 g6 23. c4 Be7 24. Kf2 Kd7 25. Rd2+ Kc6 26. Nd5 Bd8 1/2-1/2

[Event "DSOL 2022"]
[Site "Germany"]
[Date "2022.04.01"]
[Round "6.1"]
[White "Korste, Sebastian"]
[Black "Zimmermann, Manfred"]
[Result "1/2-1/2"]
[ECO "D36"]
[WhiteElo "1509"]
[BlackElo "1591"]
[Annotator "COMBH"]
[PlyCount "116"]
[EventDate "2022.01.31"]
[EventType "team-tourn"]
[EventCountry "GER"]
[SourceTitle "playchess.com"]
[Source "ChessBase"]
[SourceQuality "1"]
[WhiteTeam "SC Weiße Dame Borbeck"]
[BlackTeam "Kieler SG II"]
[TimeControl "2700+15"]

1. d4 d5 2. c4 e6 3. Nc3 Nf6 4. cxd5 exd5 5. Bg5 Be7 6. e3 c6 7. Bd3 Nbd7 8. Nf3 O-O 9. O-O Re8 10. Qc2 h6 11. Bh4 Nh5 12. Bxe7 Qxe7 13. a3 Nhf6 14. b4 a6 15. Rab1 Ne4 16. Ne2 Ndf6 17. Ne5 Nd7 18. f4 f5 19. a4 Nxe5 20. dxe5 Bd7 21. Bxe4 dxe4 22. Rfd1 Be6 23. Nd4 Red8 24. Qc5 Kf7 25. Nxe6 Qxe6 26. Rd6 Rxd6 27. exd6 Rd8 28. Rd1 Rd7 29. b5 axb5 30. axb5 cxb5 31. Qxb5 g6 32. Qc5 Kg7 33. Qc8 b5 34. Rc1 Qxd6 35. Qc3+ Qf6 36. Qb3 Qa6 37. Qc3+ Kh7 38. Qb4 Qd6 39. Qxb5 Qd2 40. Qf1 Qxe3+ 41. Kh1 Qd2 42. Rb1 e3 43. Re1 Qf2 44. Qxf2 exf2 45. Rf1 Rd2 46. g3 g5 47. fxg5 hxg5 48. Kg2 Kg6 49. h3 f4 50. gxf4 gxf4 51. Rxf2 Rd4 52. Kf3 Kh5 53. Rg2 Rb4 54. Rg8 Ra4 55. Rg7 Kh6 56. Rg8 Kh7 57. Rg4 Ra3+ 58. Kxf4 Rxh3 1/2-1/2

[Event "DSOL 2022"]
[Site "Germany"]
[Date "2022.04.01"]
[Round "6.1"]
[White "Wiekert, Martin"]
[Black "Kalabic, Faris"]
[Result "0-1"]
[ECO "D02"]
[WhiteElo "1440"]
[BlackElo "1848"]
[Annotator "COMBH"]
[PlyCount "74"]
[EventDate "2022.01.31"]
[EventType "team-tourn"]
[EventCountry "GER"]
[SourceTitle "playchess.com"]
[Source "ChessBase"]
[SourceQuality "1"]
[WhiteTeam "Kölner SK Dr Lasker I"]
[BlackTeam "SK Zehlendorf II"]
[TimeControl "2700+15"]

1. d4 Nf6 2. Nf3 e6 3. Bf4 c5 4. e3 Nc6 5. Nbd2 d5 6. c3 Bd6 7. Bg3 O-O 8. Bd3 b6 9. e4 Be7 10. e5 Nh5 11. Ng5 Bxg5 12. Qxh5 g6 13. Qe2 cxd4 14. h4 Be7 15. h5 dxc3 16. bxc3 g5 17. Rd1 f5 18. exf6 Bxf6 19. O-O Bd7 20. Bb1 Qe7 21. c4 Nd4 22. Qd3 Qf7 23. Rfe1 Qxh5 24. Nf3 dxc4 25. Qe3 Nxf3+ 26. gxf3 Qf7 27. Be4 Rad8 28. Bd6 Ba4 29. Bxf8 Bxd1 30. Bb4 g4 31. fxg4 Bxg4 32. Qg3 Kh8 33. Bg2 Rg8 34. Bd6 Bf5 35. Qe3 Qg7 36. Bg3 c3 37. Be4 Bd4 0-1